 Dungeon Crawl Stone Soup version 0.14-a0-2162-g062a2ce (webtiles) character file.

987 Kae the Ruinous (level 8, -1/41 HPs)
             Began as a Tengu Fire Elementalist on Jan 28, 2014.
             Slain by a giant frog skeleton (6 damage)
             ... on Level 4 of the Dungeon.
             The game lasted 00:08:17 (4248 turns).

Kae the Ruinous (Tengu Fire Elementalist)           Turns: 4248, Time: 00:08:17

HP  -1/41        AC  5     Str  9      XL: 8   Next:  0%
MP   7/19        EV 12     Int 18      God:
Gold 145         SH  0     Dex 14      Spells:  3 memorised,  8 levels left

rFire  + . .     SeeInvis .     d - +3 hand axe (elec)
rCold  . . .     Clarity  .     q - +2 robe {rN+}
rNeg   + . .     Conserve .     (no shield)
rPois  .         rCorr    .     (helmet restricted)
rElec  .         rRot     .     o - +0 cloak {+Inv}
SustAb . .       Spirit   .     (no gloves)
rMut   .         Warding  .     (boots unavailable)
Saprov . . .     Stasis   .     (no amulet)
MR     .....                    t - cursed ring of protection from cold {unknown}
                                j - ring of fire

@: not resistant to hostile enchantments, fairly stealthy
A: able to fly, beak, talons 3
a: Fly, Evoke Invisibility


You were on level 4 of the Dungeon.
You were hungry.

You visited 1 branch of the dungeon, and saw 4 of its levels.

You collected 145 gold pieces.

Inventory:

Hand weapons
 d - a +3,+3 hand axe of electrocution (weapon)
Armour
 a - a +0 robe
 o - a +0 cloak of darkness (worn)
 q - a +2 robe of positive energy (worn)
Comestibles
 c - 3 bread rations
 i - 2 chokos
 l - a meat ration
 n - 12 grapes
Scrolls
 e - 5 scrolls of identify {unknown}
 h - a scroll of remove curse {unknown}
 k - a scroll of enchant weapon II
 r - a scroll of magic mapping
Jewellery
 j - a ring of fire (left hand)
 m - an uncursed ring of sustenance {unknown}
 t - a cursed ring of protection from cold (right hand) {unknown}
 y - an uncursed amulet of stasis {unknown}
Potions
 f - a potion of might {unknown}
 g - 3 potions of curing
 p - a potion of magic {unknown}
 s - a potion of heal wounds {unknown}
 u - a potion of beneficial mutation {unknown}
 z - a potion of agility {unknown}
Books
 b - a book of Flames

   Spells                             Type                      Level
   *Flame Tongue                      Conjuration/Fire             1
   *Throw Flame                       Conjuration/Fire             2
   *Conjure Flame                     Conjuration/Fire             3
   Inner Flame                        Hexes/Fire                   3
   Sticky Flame                       Conjuration/Fire             4
   Fireball                           Conjuration/Fire             5


   Skills:
 - Level 2.1 Dodging
 - Level 2.0 Stealth
 + Level 3.9 Spellcasting
 * Level 7.4 Conjurations
 * Level 6.8 Fire Magic


You had 8 spell levels left.
You knew the following spells:

 Your Spells              Type           Power        Failure   Level  Hunger
a - Flame Tongue          Conj/Fire      #####        1%          1    None
b - Throw Flame           Conj/Fire      #####.       1%          2    ##.....
c - Conjure Flame         Conj/Fire      #####...     2%          3    ###....


Dungeon Overview and Level Annotations

Branches:
Dungeon (4/16)
 Temple: D:4-7

Altars:
Dithmengos
Elyvilon
Trog


Innate Abilities, Weirdness & Mutations

You can fly.
You have a beak for a mouth.
You have claws for feet.


Message History

* * * LOW HITPOINT WARNING * * *
The giant frog skeleton hits you.
* * * LOW HITPOINT WARNING * * *
The giant frog skeleton barely misses you.
The giant frog skeleton hits you but does no damage.
The giant frog skeleton hits you.
* * * LOW HITPOINT WARNING * * *
Drink which item? (? for menu, Esc to quit)
You feel better. The giant frog skeleton hits you.
* * * LOW HITPOINT WARNING * * *
The giant frog skeleton hits you.
* * * LOW HITPOINT WARNING * * *
Casting: Flame Tongue
Confirm with . or Enter, or press ? or * to list all spells.
Aiming: Flame Tongue
Press: ? - help, Shift-Dir - straight line, f - giant frog skeleton
Aim: a giant frog skeleton You feel a surge of power!
The flame hits the giant frog skeleton.
The giant frog skeleton hits you.
You die...

#.................#
#.................#
#.................#
#.................#
#.................#
#..[..............#
#.................#
#.................#
#.............@...#
#.............z...#
#.............Z...#
#.................#
#.................#
#.................#
#.................#
#.....)...%.......#
#.................#


You could see a giant frog skeleton and an ogre skeleton.

Vanquished Creatures
  Pikel (D:4)
  The ghost of Malachi the Ruffian, an average VSTm (D:3)
  3 slaves (D:4)
  2 orc wizards (D:4)
  2 orc priests (D:4)
  A worker ant (D:3)
  Jessica (D:2)
  3 adders
  A giant mite (D:1)
  2 worms
  4 giant geckos
  9 orcs
  4 giant cockroaches
  5 hobgoblins
  7 kobolds
  3 quokkas
  3 ball pythons
  10 bats
  2 giant newts
  7 goblins
  11 jackals
  A kobold skeleton (D:4)
  An orc skeleton (D:4)
  9 rats
93 creatures vanquished.

Notes
Turn   | Place    | Note
--------------------------------------------------------------
     0 | D:1      | Kae, the Tengu Fire Elementalist, began the quest for the Orb.
     0 | D:1      | Reached XP level 1. HP: 10/10 MP: 3/3
     3 | D:1      | Noticed a shark
     3 | D:1      | Noticed a giant goldfish
   168 | D:1      | Reached XP level 2. HP: 12/15 MP: 0/5
   560 | D:1      | Reached XP level 3. HP: 11/19 MP: 7/7
   858 | D:1      | Reached skill level 4 in Fire Magic
  1682 | D:2      | Reached XP level 4. HP: 24/24 MP: 1/9
  1863 | D:2      | Noticed Jessica
  1868 | D:2      | Killed Jessica
  2286 | D:3      | HP: 1/24 [poisoned by a kobold]
  2351 | D:3      | Noticed Malachi's ghost (average VSTm)
  2476 | D:3      | Learned a level 2 spell: Throw Flame
  2480 | D:3      | Learned a level 3 spell: Conjure Flame
  2504 | D:3      | Killed Malachi's ghost
  2504 | D:3      | Reached skill level 5 in Fire Magic
  2504 | D:3      | Reached XP level 5. HP: 28/28 MP: 1/12
  2547 | D:3      | Found a shadowy altar of Dithmengos.
  2886 | D:3      | Reached XP level 6. HP: 28/32 MP: 11/13
  2922 | D:3      | Reached skill level 5 in Conjurations
  3056 | D:3      | Found a bloodstained altar of Trog.
  3056 | D:3      | Found a white marble altar of Elyvilon.
  3933 | D:4      | Noticed Pikel
  3960 | D:4      | Killed Pikel
  3960 | D:4      | Reached skill level 7 in Conjurations
  3960 | D:4      | Reached XP level 7. HP: 25/36 MP: 2/17
  4234 | D:4      | Reached XP level 8. HP: 15/41 MP: 6/19
  4248 | D:4      | Slain by a giant frog skeleton

Action                   |  1- 3 |  4- 6 |  7- 9 || total
-------------------------+-------+-------+-------++-------
Melee: Unarmed           |     9 |       |       ||     9
       Hand axe          |    51 |    56 |     3 ||   110
 Cast: Flame Tongue      |    23 |    56 |    35 ||   114
       Conjure Flame     |       |     2 |       ||     2
       Throw Flame       |       |    12 |     1 ||    13
  Use: Potion            |       |     2 |     1 ||     3
       Scroll            |       |     7 |       ||     7
 Stab: Sleeping          |     2 |     3 |       ||     5
